Map: Romanticide LE

Players

GOStephano (Stephano) - Winner!

  • Race: Zerg Zerg
  • League: Master

milkicow

  • Race: Terran Terran
  • League: Grandmaster

Event: DreamHack SC2 Masters 2021 Summer

VOD

Have the link to the VOD?

Description

Time

  • Played on: May 27, 2021, 11:57 a.m.
  • Length: 14:23

All games in this series

Show
View Real Time Build Order
Export as new Build Order

GOStephano Zerg - Winner!

Build Orders: Hatch First 

Get SALT Encoding   

  12  0:00  Drone  
  13  0:12  Overlord  
  13  0:17  Drone  
  14  0:30  Drone x2  
  16  0:47  Hatchery  
  15  0:50  Drone  
  15  0:53  Drone  
  18  0:57  Drone  
  18  1:07  Extractor  
  17  1:12  Spawning Pool  
  17  1:15  Drone  
  18  1:18  Drone  
  18  1:27  Drone  
  19  1:38  Drone  
  20  1:49  Drone  
  21  1:59  Queen x2  
  21  2:00  Zergling x4  
  27  2:09  Drone  
  27  2:10  Overlord  
  28  2:19  Hatchery  
  28  2:21  Drone  
  28  2:31  Drone  
  28  2:32  Drone  
  28  2:35  Drone  
  28  2:36  Queen  
  33  2:43  Overlord  
  33  2:46  Drone  
  34  2:52  Drone  
  34  2:54  Drone  
  34  2:55  Metabolic Boost  
  36  3:03  Drone  
  36  3:05  Drone  
  38  3:10  Drone x2  
  38  3:12  Drone, Queen  
  41  3:15  Overlord  
  43  3:23  Drone  
  44  3:30  Drone, Queen  
  44  3:31  Queen  
  44  3:32  Drone  
  50  3:34  Drone  
  50  3:37  Drone  
  50  3:39  Drone  
  50  3:40  Drone  
  50  3:41  Drone  
  55  3:42  Drone  
  55  3:46  Overlord  
  56  3:49  Overlord  
  56  4:01  Zergling x4  
  58  4:08  Drone x2  
  61  4:10  Drone x4  
  61  4:12  Drone x2  
  61  4:14  Queen x2  
  70  4:20  Zergling x2  
  72  4:24  Drone x4, Evolution Chamber x2  
  72  4:28  Overlord  
  72  4:31  Drone  
  74  4:33  Extractor  
  74  4:34  Extractor, Drone x2  
  74  4:42  Overlord x2  
  73  4:50  Drone x2  
  73  4:51  Drone x3  
  78  4:54  Spine Crawler  
  78  4:55  Zerg Ground Armor Level 1, Zerg Melee Weapons Level 1  
  78  4:58  Drone x3  
  80  5:02  Queen x2  
  80  5:06  Baneling Nest  
  83  5:09  Drone x2  
  83  5:11  Overlord  
  85  5:15  Zergling x4  
  85  5:18  Drone  
  85  5:19  Drone, Lair  
  89  5:24  Drone x4  
  89  5:25  Drone  
  89  5:26  Extractor x2  
  92  5:35  Zergling x16  
  100  5:43  Hatchery  
  100  5:46  Overlord x2  
  96  5:58  Drone  
  97  6:04  Overlord x2  
  97  6:05  Baneling  
  97  6:06  Baneling x3  
  97  6:11  Overlord  
  97  6:13  Baneling x3  
  97  6:14  Zergling x18  
  97  6:15  Zergling x6  
  109  6:20  Overlord x2  
  109  6:21  Centrifical Hooks  
  109  6:25  Pneumatized Carapace, Overseer  
  109  6:28  Baneling  
  109  6:29  Baneling x2  
  109  6:31  Zergling x6  
  112  6:43  Drone x4  
  111  6:49  Zergling x6  
  111  6:51  Zerg Ground Armor Level 2, Zerg Melee Weapons Level 2  
  113  6:56  Drone x3, Extractor  
  113  6:57  Drone x2  
  113  6:58  Infestation Pit  
  116  7:02  Hatchery  
  116  7:07  Zergling x14  
  122  7:13  Spore Crawler  
  121  7:15  Hatchery  
  121  7:16  Spore Crawler x2  
  118  7:32  Drone x4  
  118  7:33  Drone  
  118  7:34  Drone x3  
  118  7:35  Spore Crawler  
  125  7:38  Drone x2  
  124  7:46  Drone x2  
  124  7:47  Drone x2  
  124  7:48  Drone x2  
  124  7:51  Drone  
  124  7:52  Drone x2  
  124  7:57  Hive  
  126  8:01  Baneling x16  
  126  8:11  Drone x7  
  127  8:14  Drone  
  128  8:27  Overseer  
  128  8:28  Zergling x16  
  128  8:32  Overseer  
  135  8:40  Drone x4  
  131  8:45  Zergling x14  
  131  8:47  Baneling x8  
  131  8:55  Zergling x24  
  142  9:05  Spore Crawler  
  141  9:12  Zerg Melee Weapons Level 3, Zerg Ground Armor Level 3  
  141  9:22  Drone x4, Ultralisk Cavern  
  141  9:23  Drone x5  
  149  9:24  Overlord  
  149  9:28  Zergling x2  
  149  9:29  Zergling x30  
  149  9:30  Baneling x7  
  158  9:43  Drone  
  158  9:44  Drone x4  
  163  9:52  Drone  
  164  9:53  Drone x3  
  164  9:54  Adrenal Glands  
  164  9:58  Spore Crawler  
  164  9:59  Spine Crawler x3  
  163  10:01  Extractor, Spine Crawler  
  163  10:02  Extractor  
  151  10:24  Zergling x50  
  151  10:26  Chitinous Plating  
  171  10:47  Drone x3  
  174  10:52  Ultralisk, Spire x2  
  174  10:53  Overlord x2  
  174  10:54  Overlord x3  
  176  11:01  Hatchery  
  176  11:02  Ultralisk x2  
  164  11:12  Zergling x24  
  169  11:26  Drone x5  
  169  11:28  Drone x7  
  178  11:33  Overseer  
  178  11:36  Ultralisk x2  
  189  11:41  Zergling x20  
  189  11:45  Anabolic Synthesis  
  169  11:59  Zergling x32  
  164  12:09  Baneling x10  
  164  12:10  Baneling x4  
  163  12:19  Zerg Flyer Armor Level 1, Zerg Flyer Weapons Level 1  
  163  12:20  Ultralisk x3  
  181  12:38  Zergling x36  
  192  13:00  Ultralisk x2  
  196  13:12  Zergling x12  
  199  13:17  Unknown  
  198  13:23  Baneling x13  
  198  13:26  Drone x2  
  194  13:27  Drone  
  176  13:35  Ultralisk x2  
  176  13:36  Zergling x40  
  176  13:37  Hatchery  
  186  13:56  Zergling x38  
  191  14:06  Hatchery  
  180  14:19  Hatchery  
Show
View Real Time Build Order
Export as new Build Order

milkicow Terran 

Build Orders: Reaper Expand 

Get SALT Encoding   

  12  0:01  SCV  
  13  0:13  SCV  
  14  0:19  Supply Depot  
  14  0:25  SCV  
  15  0:40  SCV  
  16  0:43  Barracks  
  16  0:44  Refinery  
  16  0:52  SCV  
  17  1:04  SCV  
  18  1:17  SCV  
  19  1:30  Reaper, Orbital Command  
  20  1:42  Command Center  
  20  1:54  Supply Depot  
  20  1:55  SCV  
  21  2:01  Marine  
  21  2:07  SCV  
  23  2:10  Factory  
  23  2:19  SCV  
  23  2:22  Barracks Reactor  
  24  2:31  SCV  
  25  2:41  Command Center  
  25  2:44  SCV  
  26  2:54  Orbital Command  
  26  2:56  SCV  
  27  3:01  Barracks  
  27  3:04  Barracks Tech Lab  
  27  3:10  Refinery  
  27  3:12  SCV  
  28  3:19  Hellion  
  30  3:21  SCV  
  30  3:24  SCV  
  30  3:25  Hellion  
  34  3:28  Stimpack  
  34  3:30  Marine  
  35  3:35  SCV  
  35  3:38  SCV  
  37  3:47  SCV  
  38  3:50  SCV  
  38  3:51  Starport  
  38  3:55  Refinery, Orbital Command  
  39  3:57  Marine  
  39  3:58  Marine x2  
  39  4:00  Factory Reactor  
  39  4:02  SCV  
  43  4:03  SCV  
  44  4:14  SCV  
  44  4:15  Marine x2  
  44  4:16  SCV  
  48  4:18  Marine  
  48  4:19  Refinery  
  48  4:22  SCV  
  50  4:26  SCV  
  50  4:28  SCV  
  50  4:30  Supply Depot  
  52  4:33  Marine x2  
  52  4:34  SCV  
  52  4:36  Marine  
  52  4:38  SCV  
  57  4:40  SCV  
  57  4:45  Medivac  
  60  4:46  SCV, Factory Reactor  
  60  4:51  SCV, Marine, Medivac  
  65  4:53  Supply Depot  
  65  4:56  Marine x2  
  65  4:57  Orbital Command, Factory  
  65  4:58  SCV  
  68  5:03  SCV, Armory  
  69  5:08  Combat Shield  
  69  5:14  SCV, Marine x2  
  69  5:15  Marine, Supply Depot x2  
  69  5:19  SCV  
  74  5:23  Widow Mine  
  74  5:25  SCV  
  77  5:36  Marine x2, Medivac  
  77  5:37  Widow Mine, SCV, Supply Depot  
  77  5:38  Marine, Supply Depot  
  77  5:39  Medivac  
  77  5:41  Factory Tech Lab  
  87  5:44  SCV  
  87  5:47  SCV  
  89  5:54  Widow Mine, SCV, Marine  
  92  5:59  Marine x2  
  92  6:01  SCV  
  92  6:03  Drilling Claws  
  93  6:04  Widow Mine  
  93  6:05  SCV  
  93  6:06  SCV  
  93  6:09  Supply Depot x2  
  97  6:12  Marine  
  97  6:13  SCV  
  97  6:14  Widow Mine  
  97  6:15  Widow Mine  
  97  6:17  Marine x2, Medivac  
  107  6:23  Engineering Bay  
  107  6:26  Widow Mine  
  107  6:27  Concussive Shells  
  107  6:30  Marine  
  107  6:31  SCV  
  111  6:35  Medivac  
  111  6:36  SCV  
  111  6:38  SCV, Marine, Supply Depot  
  111  6:39  Supply Depot  
  116  6:43  SCV  
  116  6:46  Marine  
  114  6:53  Marine  
  118  6:54  Widow Mine x3  
  118  6:56  Marine  
  118  6:57  SCV  
  118  6:58  SCV  
  118  7:00  Engineering Bay  
  121  7:01  Terran Infantry Weapons Level 1  
  121  7:03  Medivac, Supply Depot  
  121  7:04  Marine  
  121  7:05  Supply Depot  
  121  7:07  SCV  
  125  7:11  SCV, Marine  
  125  7:15  Medivac  
  129  7:19  SCV  
  130  7:23  Marine  
  130  7:24  Siege Tank  
  130  7:25  Widow Mine x2, SCV  
  130  7:27  Terran Infantry Armor Level 1  
  130  7:29  Command Center  
  139  7:30  Supply Depot  
  139  7:40  Marine x2  
  139  7:41  SCV, Marine  
  139  7:43  SCV  
  144  7:51  Widow Mine x2, SCV  
  143  7:54  SCV  
  143  7:57  Barracks, Supply Depot  
  143  7:58  Barracks x2, Marine  
  136  7:59  Marauder, Marine  
  136  8:00  Widow Mine  
  142  8:16  Widow Mine x2, Marine  
  142  8:17  SCV x3, Marine  
  147  8:20  Marauder  
  147  8:21  Supply Depot  
  149  8:28  Barracks  
  149  8:29  Barracks  
  149  8:30  Barracks  
  149  8:34  Marine  
  150  8:35  Marine  
  151  8:41  Marauder  
  151  8:43  Widow Mine x3  
  151  8:46  Medivac x2  
  158  8:51  Marine  
  158  8:53  Marine  
  158  8:56  SCV  
  158  8:58  Barracks Reactor x3  
  158  8:59  SCV  
  158  9:01  Terran Infantry Weapons Level 2  
  158  9:03  Marauder  
  158  9:09  Marine  
  154  9:10  Marine  
  154  9:12  Siege Tank  
  154  9:13  Widow Mine x2  
  154  9:15  Marine  
  163  9:20  Barracks Tech Lab x2, Medivac x2  
  163  9:21  SCV  
  170  9:24  Marauder  
  170  9:27  Marine  
  170  9:28  Marine  
  158  9:39  Marine  
  158  9:40  Marauder x2  
  158  9:42  Planetary Fortress  
  158  9:45  Marine  
  164  9:46  Marauder, Command Center  
  164  9:47  Marine  
  165  9:55  Marine x2, Siege Tank  
  165  9:56  Widow Mine x2  
  165  9:59  SCV  
  173  10:01  Refinery, Marauder x2  
  173  10:02  Refinery  
  173  10:03  Command Center  
  179  10:07  Marauder  
  151  10:22  Marauder  
  151  10:23  Marauder  
  151  10:28  Marauder, Marine x3  
  160  10:29  Widow Mine x2, Medivac  
  160  10:33  Terran Infantry Armor Level 2  
  159  10:44  Widow Mine, Marauder x2, Marine x2  
  159  10:45  SCV x2  
  171  10:50  Widow Mine, Marauder  
  171  10:53  Marine  
  174  11:02  Marine, Medivac x2  
  179  11:05  Marauder  
  179  11:06  Marauder  
  179  11:09  Marine  
  182  11:11  Marauder, Marine  
  182  11:12  Marine  
  172  11:19  Orbital Command, Command Center  
  172  11:20  Marine x2, Command Center  
  172  11:21  Barracks Tech Lab, Terran Vehicle And Ship Armor Level 1  
  172  11:26  Marauder  
  172  11:27  Marauder  
  172  11:29  Marine  
  172  11:31  Terran Infantry Weapons Level 3  
  166  11:32  Marauder  
  166  11:35  Marine x2  
  166  11:36  Marine x3  
  166  11:38  Widow Mine x2, Marine, Medivac  
  178  11:42  Marauder, Marine  
  178  11:43  Orbital Command  
  176  11:48  Marauder x2  
  176  11:49  Marine  
  176  11:52  Marine  
  173  11:54  Marauder  
  166  12:03  SCV, Marauder  
  169  12:09  Widow Mine x3, Marauder  
  169  12:10  Marauder  
  169  12:11  SCV  
  169  12:12  SCV  
  169  12:15  Marauder  
  183  12:16  Command Center  
  181  12:28  Marauder, Marine, Planetary Fortress  
  181  12:29  SCV x2  
  186  12:30  Widow Mine  
  186  12:34  Orbital Command x2  
  188  12:39  Ghost Academy  
  188  12:40  Widow Mine x2  
  188  12:53  Marauder x2  
  188  12:55  Widow Mine  
  188  12:56  Marine  
  188  12:57  Marauder  
  174  13:01  Widow Mine  
  166  13:08  Marine x3  
  166  13:09  Widow Mine, Orbital Command, Marauder, Marine, Medivac  
  164  13:14  Marauder x2, Marine  
  164  13:15  Marine x2  
  164  13:17  Widow Mine  
  164  13:18  Marauder  
  175  13:23  Widow Mine  
  175  13:24  SCV  
  177  13:29  SCV, Marine  
  177  13:30  Marauder  
  177  13:32  Marine  
  158  13:35  Marauder  
  158  13:36  Marauder, Marine  
  158  13:38  Orbital Command  
  158  13:39  Marine  
  158  13:40  Marauder  
  166  13:42  Widow Mine x2  
  166  13:44  Widow Mine, Marine  
  166  13:45  Marine  
  166  13:46  Marine x2  
  174  13:48  SCV  
  174  13:51  Marauder  
  158  13:56  Marine  
  158  13:57  Marauder x2  
  158  13:58  Marine  
  158  14:00  Marine  
  158  14:01  Marauder  
  151  14:03  Marine  
  151  14:04  Marine  
Tags
 
Add a new tag
Caveats
  • Supply blocks, unpowered buildings, or Contaminate may cause inaccurate times.
  • Supply counts are checked every 10 seconds.